AoeStats
← Sap2DEUCE

Arabia

510544060Analyzed
1v1 RM · 16h ago on Oct 1, 2026· 59m 36s· 2 players
Game mode
Random Map
Map size
Tiny (2 player)
Population
200
Speed
Normal
Resources
Standard
Victory
Conquest
Starting age
Dark Age
Ending age
Imperial Age
RankedLock teamsTeams togetherTeam positionsShared explorationLock speedFull tech treeHidden civsTurbo modeCheats
Victory
Defeat
🇧🇴 Britons · Bolivia
346
+15
🇺🇸 Huns · United States
316
-15
Sap2DEUCE
7:14 Loom
11:19 Feudal Age
11:56 Horse Collar
12:38 Town Watch
17:31 Man-at-Arms
19:31 Padded Archer Armor
19:43 Forging
22:15 Bloodlines
26:13 Castle Age
24:35 Fletching
25:15 Scale Mail Armor
26:13 Stone Mining
33:37 Scale Barding Armor
34:08 Iron Casting
33:49 Chain Mail Armor
33:51 Leather Archer Armor
33:32 Bodkin Arrow
34:00 Murder Holes
35:48 Elite Skirmisher
38:38 Fervor
38:15 Long Swordsman
38:20 Crossbowman
39:53 Double-Bit Axe
40:12 Pikeman
41:48 Chain Barding Armor
48:03 Imperial Age
48:19 Town Patrol
51:42 Chemistry
51:05 Ballistics
50:12 Two-Handed Swordsman
50:15 Halberdier
51:38 Wheelbarrow
51:48 Plate Barding Armor
52:17 Conscription
52:29 Gold Mining
54:23 Masonry
60:04 Thumb Ring
60:26 Parthian Tactics
Dani
10:06 Loom
13:31 Feudal Age
17:11 Wheelbarrow
19:31 Town Watch
20:10 Double-Bit Axe
20:27 Horse Collar
23:39 Stone Mining
23:42 Gold Mining
25:43 Man-at-Arms
31:16 Forging
31:07 Scale Mail Armor
31:42 Fletching
34:04 Castle Age
32:41 Padded Archer Armor
34:33 Scale Barding Armor
34:12 Pikeman
34:43 Gambesons
34:36 Crossbowman
37:51 Iron Casting
39:34 Bow Saw
43:57 Squires
43:45 Arson
47:00 Masonry
47:18 Bodkin Arrow
47:41 Leather Archer Armor
47:42 Chain Mail Armor
48:03 Murder Holes
50:56 Imperial Age
49:41 Ballistics
49:34 Heavy Plow
50:14 Hand Cart
52:56 Imperial Age
50:35 Treadmill Crane
53:18 Fortified Wall
53:01 Guard Tower
55:37 Architecture
55:17 Bracer
56:24 Halberdier
58:01 Gold Shaft Mining
60:16 Yeomen
Connection lost

Rejoining the realm…

Still unreachable

The connection could not be restored.

Session expired

The server has moved on; the page needs a fresh start.